cohdb
Replays
Latest Replays
All Replays
Popular Replays
Top Player Replays
Match Explorer
How It Works
Community
CoH3 Stats
Reddit
Sign in to upload your games and track your stats! →
Sign in with Steam
Match 41414188
Unlisted
Match 41414188
Overview
Messages
Build Orders
End
Panzergrenadier Squad
Selects Panzerjäger Kommand Battlegroup
Selects Mine Fields
250 Light Carrier
Panzergrenadier Squad
Construct Light Support Kompanie
MG34 Team
Fire Support Elements
Panzerjäger Mechanized Group
Flakvierling Half-track
Selects Defensive Positions
Assault Grenadier Squad
Veteran Squad Leaders
Vehicle Survival Package
Panzerjäger Mechanized Group
Construct Panzerarmee Kommand
Selects Tank Busters
Panzer III L Medium Tank
Selects Crew Shock Tactics
Emergency Repair Kits
Pak 38 Anti-tank Gun Team
Ğğğ_ğğğ_ĞĞĞ
Sarmynation
0
0
Comments
sign in to comment!
No comments posted yet!